 Dungeon Crawl Stone Soup version 0.26-a0-651-gb41185065b (webtiles) character file.

Game seed: 15734227453581399523

112 oldriver the Magician (level 4, -14/24 HPs)
             Began as a Gargoyle Fire Elementalist on Sept 30, 2020.
             Was an Initiate of Vehumet.
             Demolished by an ogre
             ... wielding a +0 giant club
              (17 damage)
             ... on level 4 of the Dungeon.
             The game lasted 00:06:27 (6246 turns).

oldriver the Magician (Gargoyle Fire Elementalist)  Turns: 6246, Time: 00:06:48

Health: -14/24     AC:  5    Str: 12    XL:     4   Next: 95%
Magic:  6/10       EV: 12    Int: 16    God:    Vehumet [......]
Gold:   218        SH:  0    Dex: 10    Spells: 3/11 levels left

rFire    . . .     SeeInvis .   i - +0 dagger (vamp)
rCold    . . .     Faith    .   (no shield)
rNeg     + . .     Spirit   .   a - +0 robe
rPois    ∞         Reflect  .   (no helmet)
rElec    +         Harm     .   (no cloak)
rCorr    .         Rampage  .   (no gloves)
MR       .....                  (no boots)
Stlth    ++........             o - amulet of the acrobat
HPRegen  0.08/turn              (no ring)
MPRegen  0.12/turn              (no ring)

@: no status effects
A: negative energy resistance 1, electricity resistance, unbreathing,
petrification resistance, rot immunity, AC +3
a: Renounce Religion


You were on level 4 of the Dungeon.
You worshipped Vehumet.
Vehumet was noncommittal.
You visited 1 branch of the dungeon, and saw 4 of its levels.

You collected 218 gold pieces.

Inventory:

Hand Weapons
 i - a +0 vampiric dagger (weapon)
Missiles
 c - 7 javelins (quivered)
Armour
 a - a +0 robe (worn)
Jewellery
 o - an amulet of the acrobat (around neck)
Scrolls
 b - a scroll of magic mapping {unknown}
 d - 2 scrolls of identify {unknown}
 g - 4 scrolls of amnesia {unknown}
 h - 2 scrolls of noise {unknown}
 k - a scroll of immolation {unknown}
 n - a scroll of random uselessness {unknown}
Potions
 e - a potion of heal wounds {unknown}
 j - a potion of flight {unknown}
 l - a potion of brilliance {unknown}
 m - a potion of curing {unknown}


   Skills:
 + Level 1.2 Short Blades
 + Level 1.5 Dodging
 + Level 2.1 Stealth
 * Level 4.2 Spellcasting
 * Level 1.1 Conjurations
 * Level 3.0 Fire Magic


You had 3 spell levels left.
You knew the following spells:

 Your Spells              Type           Power        Failure   Level
a - Foxfire               Conj/Fire      ##..         7%          1
b - Conjure Flame         Conj/Fire      ##......     22%         3
c - Sticky Flame          Conj/Fire      ##......     56%         4

Your spell library contained the following spells:

 Spells                   Type           Power        Failure   Level
 Inner Flame              Hex/Fire       #.......     26%         3
 Fireball                 Conj/Fire      ##........   89%         5


Dungeon Overview and Level Annotations

Branches:
Dungeon (4/15)
 Temple: D:4-7

Altars:
Ashenzari
Vehumet
Wu Jian
Xom
Yredelemnul
The Shining One


Innate Abilities, Weirdness & Mutations

You are resistant to torment.
Your stone body is resilient. (AC +3)
You are immune to poison.
You resist negative energy. (rN+)
You are resistant to electric shocks. (rElec)
You can survive without breathing.
You are immune to petrification.
You are immune to rotting.


Message History

Nothing appears to happen.
The foxfire hits the worker ant but does no damage.
The worker ant is heavily wounded.
The foxfire hits the worker ant.
The worker ant is heavily wounded.
The worker ant misses you.
Your foxfire dissipates!
The worker ant misses you.
The ogre shouts!
The worker ant bites you.
You hit the ogre but do no damage. The ogre hits you with a +0 giant club!
The worker ant bites you.
* * * LOW HITPOINT WARNING * * *
Casting: Foxfire (safe; 7% risk of failure)
Confirm with . or Enter, or press ? or * to list all spells.
You conjure some foxfire!
The worker ant bites you.
* * * LOW HITPOINT WARNING * * *
The ogre hits you with a +0 giant club!
Ouch! That really hurt!
You die...

#.#...# .# ......#
#######.# #.##..#
#.......# #.###.##
#.####### ..###..#
##### #.# #......##
... #.#
#.####..##.#.###.####
#.#...#>...#....a...#
#.......####...O@##.#
#.#.##.....#...vv##.#
...........##.#..'..#
#.##.#.#....._...####
............#.####
..##...#.#.##..#####
..##...#.#.###.....#
.......#.#<# #####.#
..#......# #.####


You could see an ogre and a worker ant.

Vanquished Creatures
  A worker ant (D:3)
  2 worms
  3 dart slugs
  3 leopard geckos
  2 orcs (D:3)
  2 giant cockroaches (D:1)
  12 goblins
  6 hobgoblins
  12 jackals
  4 kobolds
  7 bats
  3 frilled lizards
  7 rats
64 creatures vanquished.

Vanquished Creatures (others)
  314 foxfires
314 creatures vanquished.

Grand Total: 378 creatures vanquished

Notes
Turn   | Place    | Note
-------+----------+-------------------------------------------
     0 | D:1      | oldriver the Gargoyle Fire Elementalist began the quest for
                  | the Orb.
     0 | D:1      | Reached XP level 1. HP: 10/10 MP: 3/3
   877 | D:1      | Reached XP level 2. HP: 15/15 MP: 0/5
  2231 | D:2      | Reached skill level 3 in Spellcasting
  2608 | D:2      | Reached XP level 3. HP: 19/19 MP: 5/7
  2907 | D:2      | Found a faded altar of an unknown god.
  3132 | D:2      | Found a shimmering altar of Xom.
  3243 | D:2      | Found a basalt altar of Yredelemnul.
  3352 | D:2      | Found a radiant altar of Vehumet.
  3419 | D:2      | Found a broken altar of Ashenzari.
  3488 | D:2      | Became a worshipper of Vehumet
  4302 | D:3      | Reached XP level 4. HP: 24/24 MP: 5/9
  4470 | D:3      | Reached skill level 4 in Spellcasting
  5621 | D:4      | Learned a level 3 spell: Conjure Flame
  5626 | D:4      | Learned a level 4 spell: Sticky Flame
  5629 | D:4      | Found an ornate altar of the Wu Jian Council.
  5664 | D:4      | Found a glowing golden altar of the Shining One.
  5700 | D:4      | Noticed an ogre
  5901 | D:3      | Reached skill level 1 in Short Blades
  6246 | D:4      | Demolished by an ogre

Illustrated notes

Levels and vault maps discovered:
D:1:      psy_arrival_terrarium, layout_basic
D:2:      layout_loops_ring, nicolae_overflow_quartered_altars,
          chequers_ecumenical_altar_island, nrook_mini_vaults
D:3:      layout_basic, minmay_misc_feat_plants, minmay_bisected
D:4:      minmay_diamond_boxcup, layout_basic, kennysheep_little_box,
          lemuel_crystal_altar, serial_shops,
          nicolae_shop_temple_entry_statues_fountains, gammafunk_ghost_arena,
          roderic_st_hans_cross, uniq_grinder

Skill      XL: |  1  2  3  4 |
---------------+-------------+-----
Spellcasting   | 3 4 |  4.2
Short Blades   | 1 |  1.2
Dodging        | |  1.5
Stealth        | |  2.1
Conjurations   | |  1.1
Fire Magic     | |  3.0

Action                   |  1- 3 |  4- 6 || total
-------------------------+-------+-------++-------
Melee: Unarmed           |    15 |       ||    15
       Dagger            |    13 |    31 ||    44
 Cast: Foxfire           |   157 |    89 ||   246
Armor: Robe              |    24 |    24 ||    48
Dodge: Dodged            |    43 |    64 ||   107

Table legend: (Time is in decaauts)
 A = Elapsed time spent in this place.
 B = Non-inter-level travel time spent in this place.
 C = Inter-level travel time spent in this place.
 D = Time resting spent in this place.
 E = Time spent auto-exploring this place.
 F = Levels seen in this place.
 G = Mean time per level.
                   A        B        C        D        E       F      G
               +--------+--------+--------+--------+--------+-----+--------+
         Total |   6249 |   6085 |    164 |   1472 |   3889 |   4 | 1562.2 |
       Dungeon |   6249 |   6085 |    164 |   1472 |   3889 |   4 | 1562.2 |
               +--------+--------+--------+--------+--------+-----+--------+

Top non-repeatable levels by time:
     D:1: 2161 daAuts
     D:3: 2005 daAuts
     D:2: 1857 daAuts
     D:4: 224 daAuts
